 Dungeon Crawl Stone Soup version 0.18-b1-10-g3f7de93 (webtiles) character file.

287 Alarkh the Grave Robber (level 6, -4/41 HPs)
             Began as a Mummy Necromancer on Apr 29, 2016.
             Slain by 100100010000's ghost (16 damage)
             ... in an ossuary.
             The game lasted 00:04:56 (3155 turns).

Alarkh the Grave Robber (Mummy Necromancer)         Turns: 3155, Time: 00:04:57

Health: -4/41      AC:  3    Str: 12    XL:     6   Next: 8%
Magic:  21/21      EV: 12    Int: 16    God:
Gold:   153        SH:  3    Dex: 12    Spells: 2 memorised, 9 levels left

rFire  . . .     SeeInvis .     a - +2 hand axe (elec)
rCold  + . .     Gourm    .     w - +0 robe
rNeg   + + +     Faith    .     (no shield)
rPois  ∞         Spirit   .     (no helmet)
rElec  .         Dismiss  .     g - +0 cloak
rCorr  .         Reflect  +     (no gloves)
SustAt .         Harm     .     (no boots)
MR     .....                    c - +3 amulet of reflection
Stlth  ++........               m - ring of magical power
                                k - ring of protection from fire

@: not resistant to hostile enchantments, unstealthy
A: no food or potions, fire vulnerability, cold resistance 1, negative energy
resistance 3, torment resistance, unbreathing
a: no special abilities


You were in an ossuary.
You were not hungry.

You visited 1 branch of the dungeon, and saw 4 of its levels.
You also visited: Ossuary.

You collected 153 gold pieces.

Inventory:

Hand Weapons
 a - a +2 hand axe of electrocution (weapon)
 j - a +0 vampiric dagger
Armour
 g - a +0 cloak (worn)
 w - a +0 robe (worn)
Jewellery
 c - a +3 amulet of reflection (around neck)
 k - a ring of protection from fire (left hand)
 m - a ring of magical power (right hand)
Scrolls
 d - 2 scrolls of remove curse
 e - a scroll of amnesia
 f - a scroll of enchant weapon
 l - a scroll of noise
Books
 b - a book of Necromancy

   Spells                             Type                      Level
   a - Pain                           Necromancy                   1
   b - Animate Skeleton               Necromancy                   1
   c - Vampiric Draining              Necromancy                   3
   d - Regeneration                   Charms/Necromancy            3
   e - Animate Dead                   Necromancy                   4
   f - Control Undead                 Necromancy                   4
 h - a book of Geomancy

   Spells                             Type                      Level
   a - Sandblast                      Earth                        1
   b - Passwall                       Transmutation/Earth          2
   c - Stone Arrow                    Conjuration/Earth            3
   d - Petrify                        Transmutation/Earth          4
   e - Lee's Rapid Deconstruction     Earth                        5


   Skills:
 - Level 1.5 Dodging
 - Level 1.5 Stealth
 + Level 4.3 Spellcasting
 + Level 6.0 Necromancy


You had 9 spell levels left.
You knew the following spells:

 Your Spells              Type           Power        Failure   Level  Hunger
a - Pain                  Necr           ###.         1%          1    N/A
b - Vampiric Draining     Necr           ###.......   4%          3    N/A

Dungeon Overview and Level Annotations

Branches:
Dungeon (4/15)
 Temple: D:4-7

Altars:
Ashenzari
Dithmenos
Qazlal

Annotations:
Ossuary 100100010000's ghost, amateur TrMo


Innate Abilities, Weirdness & Mutations

You do not eat or drink.
Your flesh is vulnerable to fire.
You are immune to poison.
Your flesh is cold resistant.
You are immune to negative energy.
You are immune to unholy pain and torment.
You can survive without breathing.


Message History

Casting: Pain
Confirm with . or Enter, or press ? or * to list all spells.
Okay, then.
Read which item? (? for menu, Esc to quit)
As you read the scroll labeled SUAPUE JOGAE, it crumbles to dust.
It is a scroll of recharging.
You aren't carrying any rechargeable items. 100100010000's ghost hits you! 4 zombies come into view.
You hit 100100010000's ghost.
There is a sudden explosion of sparks! 100100010000's ghost is moderately damaged. 100100010000's ghost hits you!
A hobgoblin zombie comes into view.
You hit 100100010000's ghost but do no damage.
There is a sudden explosion of sparks! 100100010000's ghost is severely damaged. 100100010000's ghost hits you.
* * * LOW HITPOINT WARNING * * *
100100010000's ghost hits you!
You die... #....# #..Z.# #ZZZZ#

#....#
#....#
#....#
#....#
#@W..#
#.∩∩.#
######


You could see 100100010000's ghost, 2 hobgoblin zombies, a gnoll zombie, a
kobold zombie and an orc zombie.

Vanquished Creatures
  A crimson imp (D:3)
  Jessica (D:2)
  A worker ant (D:3)
  4 gnolls (D:1)
  9 adders
  6 dart slugs
  3 giant geckos
  4 giant cockroaches
  10 hobgoblins
  9 jackals
  5 kobolds
  A quokka (D:2)
  A ball python (D:3)
  5 bats
  A giant newt (D:2)
  6 goblins
  8 rats
75 creatures vanquished.

Notes
Turn   | Place    | Note
--------------------------------------------------------------
     0 | D:1      | Alarkh the Mummy Necromancer began the quest for the Orb.
     0 | D:1      | Reached XP level 1. HP: 13/13 MP: 3/3
   118 | D:1      | Reached XP level 2. HP: 19/19 MP: 0/5
   441 | D:1      | Reached XP level 3. HP: 20/24 MP: 1/6
   446 | D:1      | Learned a level 3 spell: Vampiric Draining
   969 | D:1      | Reached skill level 5 in Necromancy
   969 | D:1      | Reached XP level 4. HP: 12/30 MP: 1/8
  1130 | D:2      | HP: 1/30 [adder (3)]
  1790 | D:2      | Noticed Jessica
  1795 | D:2      | Killed Jessica
  1795 | D:2      | Reached XP level 5. HP: 35/35 MP: 4/10
  1952 | D:2      | Found a shadowy altar of Dithmenos.
  2174 | D:2      | Found a shattered altar of Ashenzari.
  2802 | D:3      | Found a stormy altar of Qazlal.
  2856 | D:3      | Reached XP level 6. HP: 41/41 MP: 12/12
  2863 | D:3      | Reached skill level 6 in Necromancy
  3137 | D:4      | Found a sand-covered staircase.
  3151 | Ossuary  | Entered an ossuary
  3151 | Ossuary  | Noticed 100100010000's ghost (amateur TrMo)
  3155 | Ossuary  | Slain by 100100010000's ghost

Skill      XL: |  1  2  3  4  5  6 |
---------------+-------------------+-----
Spellcasting   | 3 4 |  4.3
Necromancy     | 5 6 |  6.0
Dodging        | |  1.5
Stealth        | |  1.5

Action                   |  1- 3 |  4- 6 || total
-------------------------+-------+-------++-------
Melee: Unarmed           |    28 |       ||    28
       Dagger            |    16 |     4 ||    20
       Hand axe          |       |    14 ||    14
 Cast: Pain              |    63 |    85 ||   148
       Vampiric Draining |     2 |     3 ||     5
  Use: Scroll            |       |     5 ||     5
Armor: Robe              |     8 |     5 ||    13
Dodge: Dodged            |    40 |    21 ||    61
Block: Other             |       |     2 ||     2
